 Dungeon Sprint DCSS version 0.27.1-1-g398f81649c (webtiles) character file.

Game seed: 7573000631148261946

0 boopmooplesden the Twirler (level 2, -3/25 HPs)
             Began as a Minotaur Gladiator on Sept 22, 2021.
             Was an Initiate of Okawaru.
             Slain by Sigmund (9 damage)
             ... in the Dungeon (Sprint VI: "Thunderdome").
             The game lasted 00:00:20 (44 turns).

boopmooplesden the Twirler (Minotaur Gladiator)       Turns: 44, Time: 00:00:20

Health: -3/25      AC:  3    Str: 18    XL:     2   Next: 10%
Magic:  1/1        EV: 12    Int:  5    God:    Okawaru [......]
Gold:   200        SH:  0    Dex: 11    Spells: 1/1 levels left

rFire    . . .     SeeInvis .   a - +0 quarterstaff
rCold    . . .     Faith    .   (shield currently unavailable)
rNeg     . . .     Spirit   .   b - +0 leather armour
rPois    .         Reflect  .   c - +0 hat
rElec    .         Harm     .   (no cloak)
rCorr    .         Rampage  .   (no gloves)
Will     .....     NoTele   +   (no boots)
Stlth    +.........             (no amulet)
HPRegen  0.08/turn              (no ring)
MPRegen  0.07/turn              (no ring)

@: confused, hasted, very quick
A: horns 2, retaliatory headbutt
a: Renounce Religion


You were in the Dungeon.
You worshipped Okawaru.
Okawaru was noncommittal.
You visited 1 branch You collected 200 gold pieces.

Inventory:

Hand Weapons
 a - a +0 quarterstaff (weapon)
Missiles
 d - 3 throwing nets (quivered)
Armour
 b - a +0 leather armour (worn)
 c - a +0 hat (worn)
Wands
 l - a wand of acid (5)
 m - a wand of iceblast (5)
Scrolls
 j - 4 scrolls of blinking
 n - 3 scrolls of fog
Potions
 e - a potion of curing
 f - 4 potions of heal wounds
 g - 3 potions of haste
 h - 2 potions of magic
 i - a potion of berserk rage
 k - a potion of resistance


   Skills:
 + Level 2.9 Fighting
 + Level 4.9 Staves
 + Level 2.3 Throwing
 + Level 4.3 Dodging


You had one spell level left.
You didn't know any spells.
Your spell library was empty.

Dungeon Overview and Level Annotations

Branches:
Dungeon (1/1)

Altars:
Cheibriados
Fedhas
Gozag
Kikubaaqudgha
Okawaru
Qazlal
Ru
Sif Muna
Trog
Uskayaw
Vehumet
Wu Jian
Xom
Yredelemnul
Zin
Beogh
Jiyva
Lugonu

Shops:
D *[???:(!!!!

Annotations:
D Jessica, Sigmund


Innate Abilities, Weirdness & Mutations

You have a pair of horns on your head.
You reflexively headbutt those who attack you in melee.


Message History

Found a snail-covered altar of Cheibriados.
A gnoll and Sigmund come into view.
Sigmund is wielding a +2 scythe of protection.
Found Asidiaso's Identification Station.
Found three altars.
The gnoll shouts!
Found Pikh's Jewellery and Itydo's Advanced Armour.
Sigmund casts a spell at you. You resist with significant effort.
Sigmund points at you and mumbles some strange words.
The magic dart hits you.
You feel yourself speed up.
You thump the gnoll! You headbutt the gnoll.
You kill the gnoll!
Okawaru accepts your kill.
Your Staves skill increases to level 4!
Your Dodging skill increases to level 4!
You have reached level 2!
Sigmund points at you and mumbles some strange words.
The puff of flame hits you!
Things that are here:
a +0 whip; a gnoll corpse You hit Sigmund but do no damage.
You headbutt Sigmund, but do no damage.
Sigmund hits you with a +2 scythe of protection.
* * * LOW HITPOINT WARNING * * *
You sock Sigmund!
Sigmund is moderately wounded.
You hit Sigmund.
Sigmund is moderately wounded.
You hit Sigmund.
Sigmund is heavily wounded.
Sigmund casts a spell at you.
You are confused.
Jessica the Apprentice Sorceress comes into view.
She is wielding a +0 club.
You barely miss Sigmund.
Jessica shouts!
Your headbutt misses Sigmund.
Sigmund is heavily wounded.
Sigmund hits you with a +2 scythe of protection!
You die...

#_......._# #_......._#
#_........#
###.........###
#⌠...........⌠#
######.8.........8.######
#..__......###......___∩##
∩........8.# #.8........∩#
........@@.###............
........###...###.........
........# #.<.# #.........
........# #...###.........
...@.......###............
∩........8. #.8........∩#
#∩___...... #......___∩##
######.8.........8.######
#⌠...........⌠#


You could see Sigmund and Jessica.

Vanquished Creatures
  A gnoll (D)
1 creature vanquished.

Notes
Turn   | Place    | Note
-------+----------+-------------------------------------------
     0 | D        | boopmooplesden the Minotaur Gladiator began the quest for
                  | the Orb.
     0 | D        | Reached XP level 1. HP: 18/18 MP: 0/0
     3 | D        | Found a corrupted altar of Lugonu.
     3 | D        | Found a shimmering blue altar of Sif Muna.
     4 | D        | Found a shimmering altar of Xom.
     4 | D        | Found a glowing silver altar of Zin.
     5 | D        | Found an iron altar of Okawaru.
     5 | D        | Found a sacrificial altar of Ru.
     5 | D        | Round 1.
     6 | D        | Found Ylekkeos's Do-It-Yourself Clinic.
     6 | D        | Found a bloodstained altar of Trog.
     6 | D        | Found a viscous altar of Jiyva.
     6 | D        | Found Azo Unam's Distillery.
     7 | D        | Found Ywnufur's Bottled Wisdom.
     7 | D        | Found Ytirutt's Distillery.
    14 | D        | Became a worshipper of Warmaster Okawaru
    20 | D        | Found a blossoming altar of Fedhas.
    21 | D        | Found a stormy altar of Qazlal.
    22 | D        | Found a basalt altar of Yredelemnul.
    22 | D        | Found an ancient bone altar of Kikubaaqudgha.
    22 | D        | Found Vycoxess's Staff Store.
    22 | D        | Found Kajastrer's Magic Scroll Shop.
    23 | D        | Found Caomuogg's Must-Have Magic.
    23 | D        | Found Womer's Magic Scroll Shop.
    26 | D        | Found an ornate altar of the Wu Jian Council.
    27 | D        | Found a snail-covered altar of Cheibriados.
    29 | D        | Found a radiant altar of Vehumet.
    29 | D        | Found an opulent altar of Gozag.
    29 | D        | Found a hide-covered altar of Uskayaw.
    29 | D        | Found Asidiaso's Identification Station.
    29 | D        | Noticed Sigmund
    30 | D        | Found Pikh's Jewellery.
    30 | D        | Found Itydo's Advanced Armour.
    39 | D        | Reached XP level 2. HP: 18/25 MP: 1/1
    43 | D        | Noticed Jessica
    44 | D        | Slain by Sigmund

Illustrated notes

Levels and vault maps discovered:
D:        arena_sprint

Skill      XL: |  1 |
---------------+----+-----
Staves         | 4 |  4.9
Dodging        | 4 |  4.3
Fighting       | |  2.9
Throwing       | |  2.3

Action                   || total
-------------------------++-------
Melee: Quarterstaff      ||     6
       Headbutt          ||     2
  Use: Potion            ||     1
